 Dungeon Sprint DCSS version 0.30.1-11-g7821555f0a (webtiles) character file.

Game seed: 99216359433371367

1000000 Groucho the Unseen (level 12, -31/85 HPs)
             Began as a Ghoul Warper on Nov 20, 2023.
             Was a Follower of Makhleb.
             Annihilated by a meat berserker
             ... wielding a +9 battleaxe
              (33 damage)
             ... in the Dungeon (Sprint VIII: "Arena of Blood").
             The game lasted 00:00:32 (10 turns).

Groucho the Unseen (Ghoul Warper)                     Turns: 10, Time: 00:00:33

Health: -31/85     AC:  3    Str: 16    XL:     12   Next: 80%
Magic:  2/27       EV: 15    Int: 12    God:    Makhleb [*.....]
Gold:   0          SH:  0    Dex:  8    Spells: 36/36 levels left

rFire   . . .        i - +∞ Axe of Woe
rCold   + . .        (shield currently unavailable)
rNeg    + + +        b - +0 leather armour
rPois   ∞            (no helmet)
rElec   .            (no cloak)
rCorr   .            (no gloves)
SInv    .            (no boots)
Will    .....        (no amulet)
Stlth   ++++++       (no ring)
HPRegen 0.00/turn    (no ring)
MPRegen 0.20/turn

%: no teleportation
@: inhibited regen
A: claws 1, cold resistance 1, negative energy resistance 3, inhibited
regeneration, torment resistance 2, devour on kill
a: Renounce Religion


You were in the Dungeon.
You worshipped Makhleb.
Makhleb was aware of your devotion.
You visited 1 branch

Inventory:

Hand Weapons
 a - a +0 hand axe
 i - the +∞ Axe of Woe (weapon)
   (You found it in the Dungeon)
Missiles
 d - 7 boomerangs of dispersal (quivered)
Armour
 b - a +0 leather armour (worn)
Scrolls
 c - 2 scrolls of blinking
Potions
 e - a potion of curing
 f - a potion of heal wounds
 g - a potion of haste
 h - 2 potions of magic


   Skills:
 - Level 2.1 Fighting
 + Level 13.8 Axes
 - Level 0.8 Throwing
 - Level 0.8 Armour
 + Level 13.8 Dodging
 + Level 17.4 Stealth
 + Level 12.8 Spellcasting
 + Level 14.0 Translocations


You had 36 spell levels left.
You didn't know any spells.
Your spell library contained the following spells:

 Spells                   Type           Power      Damage    Failure   Level
 Blink                    Tloc           82%        N/A       1%          2
 Lesser Beckoning         Tloc           82%        N/A       1%          2
 Teleport Other           Tloc           41%        N/A       1%          3
 Vhi's Electric Charge    Tloc/Air       48%        N/A       1%          3
 Manifold Assault         Tloc           41%        N/A       1%          4


Dungeon Overview and Level Annotations

Branches:
Dungeon (1/1)

Altars:
Makhleb


Innate Abilities, Weirdness & Mutations

You are immune to poison.
You have sharp fingernails.
Your flesh is cold resistant. (rC+)
You are immune to negative energy. (rN+++)
You do not regenerate when monsters are visible.
You are immune to unholy pain and torment.
You thrive by killing the living.


Message History

You have reached level 10!
You feel stronger.
You have reached level 11!
You have reached level 12!
Unknown command.
Unknown command.
Unknown command.
Unknown command.
The bag of meat shouts!
You slice the bag of meat!!
You butcher the bag of meat messily.
You kill the bag of meat!
Makhleb accepts your kill.
You hear a shout! x9
The meat berserker rages.
You hear a shout! x2
Your Axes skill increases to level 13!
Your Dodging skill increases to level 13!
Your Stealth skill increases to level 17!
Your Spellcasting skill increases to level 12!
Your Translocations skill gained 2 levels and is now at level 14!
Unknown command.
Unknown command. 3 bags of meat come into view.
You hear a shout! x5
The bag of meat moves out of view.
You hear a shout! x2
Items here: )) ==.
Unknown command.
Unknown command.
The bag of meat shouts! x2
You slice the meat berserker!!
You dissect the meat berserker like a pig carcass.
You kill the meat berserker!
Makhleb accepts your kill.
You hear a shout! x6
The meat berserker hits you with a +9 battleaxe!!!!
Ouch! That really hurt!
* * * LOW HITPOINT WARNING * * *
The meat berserker hits you with a +9 battleaxe!!
You die...

#.. ...# . .###..
...###...
......###........
......_......o..
#.....# .....
#_.<._#......
..#....o#......
......o..OO.....
......###@O......
.###.....).###...
#.......# ..
#.......#
..........
..oo.......
o..........
..........##


You could see 3 meat berserkers and 6 bags of meat.

Vanquished Creatures
  An ogre (D)
  3 orcs (D)
4 creatures vanquished.

Notes
Turn   | Place    | Note
-------+----------+-------------------------------------------
     0 | D        | Found the +∞ Axe of Woe
     0 | D        | Groucho the Ghoul Warper began the quest for the Orb.
     0 | D        | Reached XP level 1. HP: 17/17 MP: 2/2
     2 | D        | Noticed a bag of meat
     3 | D        | Noticed a bag of meat
     3 | D        | Noticed a bag of meat
     4 | D        | Became a worshipper of Makhleb the Destroyer
     4 | D        | Noticed a bag of meat
     7 | D        | Killed a bag of meat
     7 | D        | Killed a bag of meat
     7 | D        | Reached * piety under Makhleb
     7 | D        | Noticed a meat berserker
     7 | D        | Noticed a meat berserker
     7 | D        | Noticed a meat berserker
     7 | D        | Noticed a meat berserker
     7 | D        | Noticed a bag of meat
     7 | D        | Noticed a bag of meat
     8 | D        | Reached skill level 16 in Stealth
     8 | D        | Reached XP level 2. HP: 24/24 MP: 2/13
     8 | D        | Reached XP level 3. HP: 29/29 MP: 2/15
     8 | D        | Reached XP level 4. HP: 36/36 MP: 2/16
     8 | D        | Reached XP level 5. HP: 41/41 MP: 2/18
     8 | D        | Reached XP level 6. HP: 48/48 MP: 2/19
     8 | D        | Reached XP level 7. HP: 55/55 MP: 2/21
     8 | D        | Reached XP level 8. HP: 61/61 MP: 2/22
     8 | D        | Reached XP level 9. HP: 67/67 MP: 2/23
     8 | D        | Reached XP level 10. HP: 73/73 MP: 2/24
     8 | D        | Reached XP level 11. HP: 79/79 MP: 2/25
     8 | D        | Reached XP level 12. HP: 85/85 MP: 2/26
     8 | D        | Killed a bag of meat
     9 | D        | Reached skill level 17 in Stealth
     9 | D        | Noticed a bag of meat
     9 | D        | Noticed a bag of meat
     9 | D        | Noticed a bag of meat
    10 | D        | Killed a meat berserker
    10 | D        | HP: 2/85 [meat berserker/+9 battleaxe (83)]
    10 | D        | Annihilated by a meat berserker

Illustrated notes

Levels and vault maps discovered:
D:        meatsprint

Skill      XL: |  1  2  3  4  5  6  7  8  9 10 11 12 |
---------------+-------------------------------------+-----
Axes           | 12 13 | 13.8
Dodging        | 12 13 | 13.8
Stealth        | 16 17 | 17.4
Spellcasting   | 11 12 | 12.8
Translocations | 12 14 | 14.0
Fighting       | |  2.1
Throwing       | |  0.8
Armour         | |  0.8

Action                     |  1- 3 |  4- 6 |  7- 9 | 10-12 || total
---------------------------+-------+-------+-------+-------++-------
  Melee: Executioner's axe |     1 |       |       |     2 ||     3
